 Dungeon Crawl Stone Soup version 0.17.0-9-g801d43b (webtiles) character file.

301 oplop the Sneak (level 6, -2/33 HPs)
             Began as a Vine Stalker Assassin on Nov 9, 2015.
             Killed from afar by an orc wizard (8 damage)
             ... with a puff of frost
             ... on level 4 of the Dungeon.
             The game lasted 00:06:07 (3331 turns).

oplop the Sneak (Vine Stalker Assassin)             Turns: 3331, Time: 00:06:07

Health: -2/33      AC:  4    Str: 13    XL:     6   Next: 37%
Magic:  0/7        EV: 12    Int: 11    God:
Gold:   115        SH:  0    Dex: 20    Spells: 0 memorised, 5 levels left

rFire  . . .     SeeInvis .     b - +0 blowgun
rCold  . . .     Clarity  .     c - +0 robe
rNeg   . . .     SustAt   .     (no shield)
rPois  .         Gourm    .     (no helmet)
rElec  .         Spirit   +     d - +0 cloak
rCorr  .         Warding  .     (no gloves)
rMut   .         Stasis   .     n - +0 pair of boots
MR     .....                    (no amulet)
Stlth  ++++......               (no ring)
                                (no ring)

@: not resistant to hostile enchantments, stealthy
A: fangs 2, agile 1, regeneration 2, magic shield, antimagic bite, no device
heal 3, rot immunity
a: no special abilities


You were on level 4 of the Dungeon.
You were not hungry.

You visited 1 branch of the dungeon, and saw 4 of its levels.

You collected 115 gold pieces.

Inventory:

Hand Weapons
 a - a +2 dagger
 b - a +0 blowgun (weapon)
 i - a +0 rapier
Missiles
 e - 6 poisoned needles (quivered)
 f - 2 curare-tipped needles
 m - 8 needles of confusion
Armour
 c - a +0 robe (worn)
 d - a +0 cloak (worn)
 n - a +0 pair of boots (worn)
Scrolls
 h - a scroll of enchant weapon {unknown}
 o - 2 scrolls of amnesia {unknown}
 p - a scroll of identify {unknown}
 q - a scroll of noise {unknown}
 r - a scroll of immolation {unknown}
 s - 2 scrolls of random uselessness {unknown}
 u - a scroll of recharging {unknown}
Potions
 j - 2 potions of curing
 k - 3 potions of heal wounds {unknown}
 l - a potion of resistance {unknown}
Comestibles
 g - 5 bread rations
 t - a meat ration


   Skills:
 + Level 4.0 Fighting
 + Level 3.4 Short Blades
 - Level 1.7 Throwing
 - Level 0.7 Dodging
 + Level 6.6 Stealth


You had 5 spell levels left.
You didn't know any spells.

Dungeon Overview and Level Annotations

Branches:
Dungeon (4/15)
 Temple: D:4-7

Altars:
Okawaru
Trog


Innate Abilities, Weirdness & Mutations

You have extremely sharp teeth.
You heal very quickly.
When hurt, damage is shared between your health and your magic reserves.
Your bite disrupts and absorbs the magic of your enemies.
Potions and wands cannot restore your health.
You are immune to rotting.
You are agile. (Dex +2)


Message History

The giant cockroach barely misses you.
The orc wizard hits you with a dagger of speed.
The orc priest calls down the wrath of Beogh upon you.
Something smites you!
The orc priest invokes the aid of Beogh against you.
Something smites you! The giant cockroach barely misses you.
Firing (i - inventory. (,) - cycle):
e - 7 poisoned needles (quivered)
Press: ? - help, Shift-Dir - straight line, f/p - orc wizard
Aim: an orc wizard, wielding a dagger of speed and wearing a robe (heavily wounded, poisoned)
You shoot a poisoned needle.
The poisoned needle barely misses the orc wizard.
The orc wizard casts a spell at you. The puff of flame misses you.
The orc priest invokes the aid of Beogh against you.
Something smites you!
* * * LOW HITPOINT WARNING * * *
The giant cockroach misses you.
The orc wizard points at you and mumbles some strange words.
The puff of frost hits you!
You die...

.o##...$# #.#####....
.(...)# #.#####...# #(..#
###.##......# #(o.#
#.......#.#.. #l..#
#.#.##..#.### #.o.#
#.#.......##.
######oso####>........##.
.................#....##.
........@.......<....>...
....(................≈.#.
######...#####.#..#.P≈≈#.
#...#####.....♣≈P≈≈≈
#...##(.....†≈≈P≈≈P≈
#...##.#####.≈≈≈≈≈≈≈
#.........##.♣≈PP≈≈≈
#...##.##.##.♣PP≈≈≈≈
#.......#.##.♣≈≈≈≈≈≈


You could see an iguana, 2 orc priests, an orc wizard, an orc and a giant
cockroach.

Vanquished Creatures
  An orc wizard (D:3)
  A hound (D:4)
  2 worker ants (D:4)
  Natasha (D:2)
  8 adders
  An ooze (D:3)
  2 worms (D:2)
  A giant gecko (D:3)
  6 orcs (D:3)
  9 giant cockroaches
  6 goblins
  7 hobgoblins
  2 jackals (D:2)
  2 ball pythons
  10 bats
  7 giant newts
  A jackal zombie (D:4)
  8 kobolds
  A quokka (D:2)
  5 rats
81 creatures vanquished.

Notes
Turn   | Place    | Note
--------------------------------------------------------------
     0 | D:1      | oplop the Vine Stalker Assassin began the quest for the Orb.
     0 | D:1      | Reached XP level 1. HP: 11/11 MP: 2/2
   249 | D:1      | Reached skill level 5 in Stealth
   380 | D:1      | Reached XP level 2. HP: 9/15 MP: 1/3
  1299 | D:2      | Reached XP level 3. HP: 19/19 MP: 4/4
  1473 | D:2      | Reached XP level 4. HP: 21/23 MP: 5/5
  1945 | D:2      | Found an iron altar of Okawaru.
  1945 | D:2      | Found a bloodstained altar of Trog.
  2264 | D:2      | Noticed Natasha
  2282 | D:2      | Killed Natasha
  2367 | D:2      | Reached XP level 5. HP: 16/28 MP: 4/6
  2536 | D:3      | Gained mutation: You are agile. (Dex +2) [potion of beneficial mutation]
  2874 | D:3      | Reached skill level 6 in Stealth
  3151 | D:4      | Gained mutation: You heal very quickly. [Vine Stalker growth]
  3151 | D:4      | Reached XP level 6. HP: 30/33 MP: 7/7
  3331 | D:4      | Killed from afar by an orc wizard

Action                   |  1- 3 |  4- 6 || total
-------------------------+-------+-------++-------
Melee: Dagger            |    95 |   194 ||   289
 Fire: Blowgun           |       |    29 ||    29
  Use: Potion            |       |     2 ||     2
 Stab: Sleeping          |    11 |    12 ||    23
       Distracted        |     1 |     1 ||     2
  Eat: Chunk             |     2 |     1 ||     3
       Meat ration       |       |     1 ||     1
